 Dungeon Crawl Stone Soup version 0.29-a0-314-gb00dd7cb4b (webtiles) character file.

Game seed: 16021235109293833871

284 Dabor the Skirmisher (level 6, -9/39 HPs)
             Began as a Gargoyle Fighter on Mar 29, 2022.
             Was an Initiate of Gozag.
             Mangled by an ogre
             ... wielding a +0 giant club
              (13 damage)
             ... on level 5 of the Dungeon.
             The game lasted 00:06:51 (3670 turns).

Dabor the Skirmisher (Gargoyle Fighter)             Turns: 3670, Time: 00:06:52

Health: -9/39      AC: 12    Str: 22    XL:     6   Next: 29%
Magic:  6/6        EV:  9    Int:  8    God:    Gozag
Gold:   568        SH:  4    Dex:  9    Spells: 5/5 levels left

rFire   . . .      SeeInvis +   a - +0 flail
rCold   + . .      Faith    .   c - +0 buckler
rNeg    + . .      Spirit   .   b - +0 scale mail
rPois   ∞          Reflect  .   (no helmet)
rElec   +          Harm     .   (no cloak)
rCorr   .          Rampage  .   i - +0 pair of gloves
Will    .....                   (no boots)
Stlth   ..........              (no amulet)
HPRegen 0.13/turn               n - ring of see invisible
MPRegen 0.10/turn               j - ring of protection from cold

@: gold aura
A: sickness immunity, AC +4, negative energy resistance 1, electricity
resistance, torment resistance 1, petrification resistance
a: Renounce Religion, Potion Petition, Call Merchant, Bribe Branch


You were on level 5 of the Dungeon.
You worshipped Gozag.
Gozag was pleased with you.
You visited 1 branch of the dungeon, and saw 5 of its levels.

You collected 568 gold pieces.

Inventory:

Hand Weapons
 a - a +0 flail (weapon)
Armour
 b - a +0 scale mail (worn)
 c - a +0 buckler (worn)
 i - a +0 pair of gloves (worn)
Jewellery
 h - a ring of flight
 j - a ring of protection from cold (right hand)
 n - a ring of see invisible (left hand)
Scrolls
 e - a scroll of summoning
 l - 2 scrolls of teleportation
 o - 2 scrolls of enchant armour {unknown}
 q - a scroll of enchant weapon
Potions
 f - a potion of degeneration {unknown}
 g - a potion of curing
 k - a potion of invisibility {unknown}
 p - a potion of flight
 r - a potion of attraction {unknown}
 s - a potion of magic {unknown}
 t - 2 potions of heal wounds {unknown}


   Skills:
 + Level 4.7 Fighting
 + Level 3.5 Maces & Flails
 + Level 4.6 Armour
 + Level 4.7 Shields


You had 5 spell levels left.
You didn't know any spells.
Your spell library contained the following spells:

 Spells                   Type           Power      Damage    Failure   Level
 Ozocubu's Armour         Ice            0%         N/A       99%         3
 Ozocubu's Refrigeration  Ice            0%         4d5       100%        7


Dungeon Overview and Level Annotations

Branches:
Dungeon (6/15)
 Temple: D:4-7

Altars:
Dithmenos
Gozag


Innate Abilities, Weirdness & Mutations

You are immune to sickness and miasma.
Your stone body is resilient. (AC +4)
You are immune to poison.
You resist negative energy. (rN+)
You are resistant to electric shocks. (rElec)
You are resistant to unholy torment.
You are immune to petrification.


Message History

There is a stone staircase leading down here.
Found a scale mail.
An orc comes into view. It is wielding a +0 club.
The orc shouts!
An ogre comes into view. It is wielding a +0 giant club.
The ogre moves out of view.
You thump the orc!
You kill the orc!
Things that are here:
8 gold pieces; a +0 club; a scroll of identify You hit the ogre.
The ogre is lightly wounded.
The ogre is distracted by your dazzling golden aura.
You barely miss the ogre.
The ogre is no longer distracted by gold.
The ogre shouts!
The ogre is lightly wounded.
The ogre hits you with a +0 giant club!!
Ouch! That really hurt!
* * * LOW HITPOINT WARNING * * *
You hit the ogre.
The ogre is moderately wounded.
The ogre hits you but does no damage.
You sock the ogre!
The ogre is severely wounded.
The ogre closely misses you.
You barely miss the ogre.
The ogre is severely wounded.
You block the ogre's attack.
You barely miss the ogre.
The ogre is severely wounded.
The ogre hits you with a +0 giant club.
* * * LOW HITPOINT WARNING * * *
You hit the ogre.
The ogre is severely wounded.
You barely miss the ogre.
The ogre is severely wounded.
The ogre hits you with a +0 giant club!
You die...
Your body crumbles into a pile of gold.

..# #. .. ...
.#..
..###.#.#
.......#
#.#...#
#.#[..#
#.O...##
#.@....#
#..$##.#
#...# ##...#
##
###...###....
#.........#
#..#.#.#####
......#.#
...#.##.#


You could see an ogre.

Vanquished Creatures
  A black bear (D:6)
  An orc priest (D:6)
  A jelly (D:3)
  3 adders (D:2)
  7 worms (D:2)
  A dart slug (D:3)
  6 orcs
  2 ball pythons
  6 endoplasms
  2 giant cockroaches
  10 goblins
  4 hobgoblins
  7 jackals (D:2)
  A quokka (D:3)
  5 bats
  3 frilled lizards
  7 kobolds
  5 rats
72 creatures vanquished.

Notes
Turn   | Place    | Note
-------+----------+-------------------------------------------
     0 | D:1      | Dabor the Gargoyle Fighter began the quest for the Orb.
     0 | D:1      | Reached XP level 1. HP: 14/14 MP: 1/1
   215 | D:1      | Reached XP level 2. HP: 19/19 MP: 2/2
   680 | D:1      | Found a faded altar of an unknown god.
   719 | D:1      | Prayed at the altar of an unknown god.
   719 | D:1      | Became a worshipper of Gozag Ym Sagoz the Greedy
  1635 | D:1      | Reached XP level 3. HP: 23/24 MP: 3/3
  2037 | D:2      | Reached XP level 4. HP: 29/29 MP: 4/4
  2785 | D:3      | Reached XP level 5. HP: 29/33 MP: 5/5
  2880 | D:3      | Found a shadowy altar of Dithmenos.
  3276 | D:3      | You are sucked into a shaft and drop 3 floors!
  3575 | D:6      | Noticed a black bear
  3590 | D:6      | Killed a black bear
  3591 | D:6      | Reached XP level 6. HP: 39/39 MP: 6/6
  3610 | D:5      | Entered Level 5 of the Dungeon
  3670 | D:5      | Mangled by an ogre

Illustrated notes

Levels and vault maps discovered:
D:1:      minmay_arrival_radiant_lines, layout_loops_ring,
          ebering_ecumenical_altar_hall, corexii_item_surrounded_by_moat
D:2:      layout_rooms, nicolae_wormholes
D:3:      layout_loops_ring, mainiacjoe_overflow_six_doors_small
D:5:      kennysheep_spiral_hall, layout_rooms
D:6:      layout_basic, lemuel_tele_altar

Skill      XL: |  1  2  3  4 |
---------------+-------------+-----
Fighting       | 4 |  4.7
Shields        | 4 |  4.7
Armour         | 4 |  4.6
Maces & Flails | 3 |  3.5

Action                   |  1- 3 |  4- 6 || total
-------------------------+-------+-------++-------
Melee: Flail             |   144 |   129 ||   273
  Use: Scroll            |       |     4 ||     4
       Potion            |       |     3 ||     3
Armor: Scale mail        |   144 |    61 ||   205
Dodge: Dodged            |   118 |    48 ||   166
Block: Buckler           |    49 |    21 ||    70

Table legend: (Time is in decaauts)
 A = Elapsed time spent in this place.
 B = Non-inter-level travel time spent in this place.
 C = Inter-level travel time spent in this place.
 D = Time resting spent in this place.
 E = Time spent auto-exploring this place.
 F = Levels seen in this place.
 G = Mean time per level.
                   A        B        C        D        E       F      G
               +--------+--------+--------+--------+--------+-----+--------+
         Total |   3751 |   3591 |    160 |    731 |   2010 |   5 |  750.2 |
       Dungeon |   3751 |   3591 |    160 |    731 |   2010 |   5 |  750.2 |
               +--------+--------+--------+--------+--------+-----+--------+

Top non-repeatable levels by time:
     D:1: 1744 daAuts
     D:2: 1062 daAuts
     D:3: 542 daAuts
     D:6: 339 daAuts
     D:5: 62 daAuts
